 Dungeon Crawl Stone Soup version 0.29.1 (webtiles) character file.

Game seed: 13525744852472110208

57 greasedhog the Skirmisher (level 4, -6/38 HPs)
             Began as a Gnoll Hunter on Sept 14, 2022.
             Was a Believer of Zin.
             Mangled by a gnoll
             ... wielding a +0 flail
              (9 damage)
             ... on level 1 of the Dungeon.
             The game lasted 00:02:10 (1759 turns).

greasedhog the Skirmisher (Gnoll Hunter)            Turns: 1759, Time: 00:02:10

Health: -6/38      AC:  4    Str: 10    XL:     4   Next: 0%
Magic:  5/5        EV: 14    Int:  8    God:    Zin [**....]
Gold:   118        SH:  0    Dex: 18    Spells: 5/5 levels left

rFire   . . .      SeeInvis .   t - +0 dagger
rCold   . . .      Faith    .   (no shield)
rNeg    + . .      Spirit   .   c - +0 leather armour
rPois   .          Reflect  .   (no helmet)
rElec   .          Harm     .   (no cloak)
rCorr   .          Rampage  .   (no gloves)
Will    .....                   r - +0 pair of boots
Stlth   ++........              (no amulet)
HPRegen 0.12/turn               i - ring of positive energy
MPRegen 0.09/turn               (no ring)

@: no status effects
A: fangs 1, strong nose, distributed training
a: Renounce Religion, Recite, Vitalisation, Donate Gold


You were on level 1 of the Dungeon.
You worshipped Zin.
Zin was pleased with you.
You visited 1 branch of the dungeon, and saw 2 of its levels.

You collected 131 gold pieces.
You donated 13 gold pieces to Zin.

Inventory:

Hand Weapons
 a - a +0 shortbow of electrocution
 t - a +0 dagger (weapon)
Armour
 c - a +0 leather armour (worn)
 r - a +0 pair of boots (worn)
Jewellery
 i - a ring of positive energy (left hand)
Scrolls
 b - a scroll of immolation
 d - 2 scrolls of magic mapping {unknown}
 g - 4 scrolls of identify {unknown}
 j - a scroll of fog {unknown}
 k - a scroll of teleportation {unknown}
 m - a scroll of enchant armour {unknown}
 n - a scroll of noise {unknown}
 s - a scroll of vulnerability {unknown}
Potions
 e - a potion of degeneration {unknown}
 f - a potion of invisibility {unknown}
 h - a potion of brilliance {unknown}
 l - a potion of flight {unknown}
 o - a potion of resistance {unknown}
 p - a potion of ambrosia {unknown}
 q - 2 potions of berserk rage {unknown}
 u - a potion of heal wounds {unknown}


   Skills:
 + Level 4.6 Fighting
 + Level 1.0 Short Blades
 + Level 1.0 Long Blades
 + Level 1.0 Axes
 + Level 1.0 Maces & Flails
 + Level 1.0 Polearms
 + Level 1.0 Staves
 + Level 8.5 Ranged Weapons
 + Level 1.0 Throwing
 + Level 1.0 Armour
 + Level 4.6 Dodging
 + Level 2.5 Stealth
 + Level 1.0 Shields
 + Level 1.0 Unarmed Combat
 + Level 1.0 Spellcasting
 + Level 0.8 Conjurations
 + Level 0.8 Hexes
 + Level 0.8 Summonings
 + Level 0.8 Necromancy
 + Level 0.8 Translocations
 + Level 0.8 Transmutations
 + Level 0.8 Fire Magic
 + Level 0.8 Ice Magic
 + Level 0.8 Air Magic
 + Level 0.8 Earth Magic
 + Level 0.8 Poison Magic
 + Level 1.1 Invocations
 + Level 1.0 Evocations


You had 5 spell levels left.
You didn't know any spells.
Your spell library was empty.

Dungeon Overview and Level Annotations

Branches:
Dungeon (2/15)

Altars:
Zin

Shops:
D:1 **((?


Innate Abilities, Weirdness & Mutations

You have very sharp teeth.
Your uncanny sense of smell can sniff out nearby items.
Your experience applies equally to all skills.


Message History

You climb upwards.
There is a stone staircase leading down here.
You shoot an arrow. The arrow completely misses the gnoll.
The gnoll hits you with a +0 club.
You shoot an arrow. The arrow hits the gnoll!
The gnoll is severely wounded.
The gnoll misses you.
You shoot an arrow. The arrow closely misses the gnoll.
The gnoll misses you.
You shoot an arrow.
The arrow hits the gnoll but does no damage.
The gnoll is severely wounded.
The gnoll completely misses you.
You shoot an arrow. The arrow hits the gnoll!
You kill the gnoll!
You have reached level 4!
You feel agile.
You start resting.
HP restored.
You climb downwards.
The gnoll misses you.
There is a stone staircase leading up here.
You shoot an arrow. The arrow hits the gnoll.
The gnoll is heavily wounded.
The gnoll hits you with a +0 flail! The gnoll hits you with a +0 flail.
The gnoll completely misses you.
You shoot an arrow. The arrow barely misses the gnoll.
The arrow hits the gnoll.
The gnoll is lightly wounded.
The gnoll closely misses you.
The gnoll hits you from afar with a +0 halberd!
The gnoll barely misses you.
The gnoll hits you from afar with a +0 halberd!
* * * LOW HITPOINT WARNING * * *
You climb upwards.
There is a stone staircase leading down here.
Your +0 shortbow of electrocution stops crackling.
t - a +0 dagger (weapon)
You hit the gnoll.
The gnoll is heavily wounded.
The gnoll hits you with a +0 flail!
You die...

##########.#.########.###.# #.#.#
#.###.### #######.#.#
####........
#.........#####.....##.#..
#.###.#.#.##..+........#..
#.###.#.#.##.##.........##
########................##.....#.
#................g.....[.........
#...............@................
########.###.#.#)....(...........
#.#.....#..#........#.....
#.......#..#........#.....
#..............#'#....#...
#.....#.#..#..##.#....#...
###.....#.#..#..##.#........
#.......#.#..#..##.#........
#..................####.....


You could see a gnoll.

Vanquished Creatures
  2 gnolls
  A worm (D:2)
  3 dart slugs
  4 ball pythons
  4 endoplasms
  2 goblins
  3 hobgoblins
  2 bats (D:2)
  A frilled lizard (D:1)
  3 kobolds
  5 rats
30 creatures vanquished.

Notes
Turn   | Place    | Note
-------+----------+-------------------------------------------
     0 | D:1      | greasedhog the Gnoll Hunter began the quest for the Orb.
     0 | D:1      | Reached XP level 1. HP: 20/20 MP: 1/1
    51 | D:1      | Found Notrekir's Magic Scroll Shoppe.
    52 | D:1      | Found Nemon's Antique Weapon Boutique.
   159 | D:1      | Found Wupeah's Assorted Antiques.
   349 | D:1      | Reached XP level 2. HP: 18/26 MP: 2/2
   490 | D:1      | Found Umiqovva's Weapon Shop.
   615 | D:1      | Found Jeib Koe's Assorted Antiques.
   924 | D:1      | Found a faded altar of an unknown god.
   932 | D:1      | Prayed at the altar of an unknown god.
   932 | D:1      | Became a worshipper of Zin the Law-Giver
   932 | D:1      | Reached * piety under Zin
   932 | D:1      | Reached ** piety under Zin
  1115 | D:2      | Reached XP level 3. HP: 26/31 MP: 3/3
  1321 | D:2      | Reached skill level 1 in Invocations
  1598 | D:2      | Reached skill level 1 in Short Blades
  1598 | D:2      | Reached skill level 1 in Long Blades
  1598 | D:2      | Reached skill level 1 in Axes
  1598 | D:2      | Reached skill level 1 in Maces & Flails
  1598 | D:2      | Reached skill level 1 in Polearms
  1598 | D:2      | Reached skill level 1 in Staves
  1598 | D:2      | Reached skill level 1 in Throwing
  1598 | D:2      | Reached skill level 1 in Armour
  1598 | D:2      | Reached skill level 1 in Shields
  1598 | D:2      | Reached skill level 1 in Unarmed Combat
  1598 | D:2      | Reached skill level 1 in Spellcasting
  1598 | D:2      | Reached skill level 1 in Evocations
  1610 | D:1      | Reached XP level 4. HP: 20/38 MP: 5/5
  1759 | D:1      | Mangled by a gnoll

Illustrated notes

Levels and vault maps discovered:
D:1:      minmay_arrival_five_plusses, layout_basic,
          dreamdust_ecumenical_altar_hidden_monk_grotto, serial_shops,
          nicolae_shop_overgrown_old_shop, shop_statue, shop_coins,
          shop_fountains, shop
D:2:      layout_basic, minmay_misc_feat_nine_boxes

Skill      XL: |  1  2  3 |
---------------+----------+-----
Invocations    | 1 |  1.1
Short Blades   | 1 |  1.0
Long Blades    | 1 |  1.0
Axes           | 1 |  1.0
Maces & Flails | 1 |  1.0
Polearms       | 1 |  1.0
Staves         | 1 |  1.0
Throwing       | 1 |  1.0
Armour         | 1 |  1.0
Shields        | 1 |  1.0
Unarmed Combat | 1 |  1.0
Spellcasting   | 1 |  1.0
Evocations     | 1 |  1.0
Fighting       | |  4.6
Ranged Weapons | |  8.5
Dodging        | |  4.6
Stealth        | |  2.5
Conjurations   | |  0.8
Hexes          | |  0.8
Summonings     | |  0.8
Necromancy     | |  0.8
Translocations | |  0.8
Transmutations | |  0.8
Fire Magic     | |  0.8
Ice Magic      | |  0.8
Air Magic      | |  0.8
Earth Magic    | |  0.8
Poison Magic   | |  0.8

Action                   |  1- 3 |  4- 6 || total
-------------------------+-------+-------++-------
Melee: Dagger            |       |     1 ||     1
 Fire: Shortbow          |    83 |     2 ||    85
  Use: Scroll            |     1 |       ||     1
Armor: Leather armour    |     4 |       ||     4
Dodge: Dodged            |    27 |     4 ||    31
